| TOP OF THE 1ST |
|
Billings Mustangs batting - Pitching for Danville Braves : RHP Chris Hawkins
|
|
Pitching: RHP Chris Hawkins
|
|
|
Batting: RHB Nick Miller
|
0-0: Called Strike 0-1: Ball 1-1: Ground out 1-3 (Groundball, 15S, EV 66.9 MPH)
|
|
Batting: LHB Matthew Berry
|
0-0: Ball 1-0: Called Strike 1-1: Foul Ball, location: 2F 1-2: Reached on error, E5 (Groundball, 5, EV 105.0 MPH)
|
|
Batting: LHB David Moore
|
0-0: Ball 1-0: Grounds into double play, 4-6-3 (Groundball, 4S, EV 86.9 MPH)
|
| Top of the 1st over - 0 runs, 0 hits, 1 error, 0 left on base; Billings 0 - Danville 0 |
| BOTTOM OF THE 1ST |
|
Danville Braves batting - Pitching for Billings Mustangs : RHP Taneo Kobayashi
|
|
Pitching: RHP Taneo Kobayashi
|
|
|
Batting: SHB Ian Arlotta
|
0-0: Foul Ball, location: 2F 0-1: Swinging Strike 0-2: Ball 1-2: Ball 2-2: Strikes out swinging
|
|
Batting: LHB Oke Monti
|
0-0: Ball 1-0: Foul Ball, location: 2F 1-1: Foul Ball, location: 2F 1-2: Foul Ball, location: 2F 1-2: Ball 2-2: Ball 3-2: Ground out 4-3 (Groundball, 4, EV 101.3 MPH)
|
|
Batting: LHB Alexis Cantu
|
0-0: Ball 1-0: Called Strike 1-1: Ball 2-1: Called Strike 2-2: Ball 3-2: Base on Balls
|
|
Batting: RHB Jose Ramos
|
0-0: Fly out, F9 (Flyball, 89M, EV 96.3 MPH)
|
| Bottom of the 1st over - 0 runs, 0 hits, 0 errors, 1 left on base; Billings 0 - Danville 0 |
| TOP OF THE 2ND |
|
Billings Mustangs batting - Pitching for Danville Braves : RHP Chris Hawkins
|
|
Batting: LHB Jon Goddard
|
0-0: Ball 1-0: Ground out 4-3 (Groundball, 4, EV 102.5 MPH)
|
|
Batting: RHB Jay Jacobson
|
0-0: Foul Ball, location: 2F 0-1: Ball 1-1: Ball 2-1: Called Strike 2-2: Strikes out looking
|
|
Batting: RHB Jon Monteith
|
0-0: Called Strike 0-1: Foul Ball, location: 2F 0-2: Strikes out looking
|
| Top of the 2nd over - 0 runs, 0 hits, 0 errors, 0 left on base; Billings 0 - Danville 0 |
| BOTTOM OF THE 2ND |
|
Danville Braves batting - Pitching for Billings Mustangs : RHP Taneo Kobayashi
|
|
Batting: SHB Gabriel Cruz
|
0-0: Called Strike 0-1: Called Strike 0-2: Ball 1-2: Foul Ball, location: 2F 1-2: Ball 2-2: Strikes out swinging
|
|
Batting: RHB Yojiro Hayashi
|
0-0: Ground out 6-3 (Groundball, 6, EV 83.1 MPH)
|
|
Batting: RHB Ingidayehu Lagat
|
0-0: Ball 1-0: Called Strike 1-1: Swinging Strike 1-2: Foul Ball, location: 2F 1-2: Foul Ball, location: 2F 1-2: Foul Ball, location: 2F 1-2: Foul Ball, location: 2F 1-2: Strikes out looking
|
| Bottom of the 2nd over - 0 runs, 0 hits, 0 errors, 0 left on base; Billings 0 - Danville 0 |
| TOP OF THE 3RD |
|
Billings Mustangs batting - Pitching for Danville Braves : RHP Chris Hawkins
|
|
Batting: RHB Jonathan Robies
|
0-0: Ground out 6-3 (Groundball, 6M, EV 100.0 MPH)
|
|
Batting: RHB Yutaka Sato
|
0-0: Called Strike 0-1: Ball 1-1: Ball 2-1: Ball 3-1: Base on Balls
|
|
Batting: RHB Mark Ortner
|
0-0: Foul Ball, location: 2F 0-1: Called Strike 0-2: Foul Ball, location: 2F 0-2: Grounds into double play, 4-6-3 (Groundball, 4, EV 85.6 MPH)
|
| Top of the 3rd over - 0 runs, 0 hits, 0 errors, 0 left on base; Billings 0 - Danville 0 |
| BOTTOM OF THE 3RD |
|
Danville Braves batting - Pitching for Billings Mustangs : RHP Taneo Kobayashi
|
|
Batting: RHB Armando Moz
|
0-0: Ball 1-0: Reached on error, E6 (Groundball, 6, EV 103.8 MPH)
|
|
Batting: RHB Gerard Michel
|
0-0: Ball 1-0: Ball Passed Ball! Armando Moz to second 2-0: Called Strike 2-1: Called Strike 2-2: Foul Ball, location: 2F 2-2: Strikes out swinging
|
|
Batting: SHB Ian Arlotta
|
0-0: Fly out, F9 (Flyball, 9S, EV 90.0 MPH)
|
|
Batting: LHB Oke Monti
|
0-0: Swinging Strike 0-1: Ball Wild Pitch! Armando Moz to third 1-1: Foul Ball, location: 2F 1-2: Foul Ball, location: 2F 1-2: Foul Ball, location: 2F 1-2: Ground out U3 (Groundball, 3, EV 109.4 MPH)
|
| Bottom of the 3rd over - 0 runs, 0 hits, 1 error, 1 left on base; Billings 0 - Danville 0 |
| TOP OF THE 4TH |
|
Billings Mustangs batting - Pitching for Danville Braves : RHP Chris Hawkins
|
|
Batting: RHB Nick Miller
|
0-0: Ball 1-0: SINGLE (Groundball, 4MD, EV 102.5 MPH)
|
|
Batting: LHB Matthew Berry
|
0-0: Ball Nick Miller steals 2nd base 1-0: Ball 2-0: Ball 3-0: Called Strike 3-1: Base on Balls
|
|
Batting: LHB David Moore
|
0-0: Foul Ball, location: 2F 0-1: Ball Nick Miller steals 3rd base 1-1: Fly out, F9 (Flyball, 9, EV 86.9 MPH) Runner from 3rd tags up, OUT at HOME! 9-2 Matthew Berry to second
|
|
Batting: LHB Jon Goddard
|
0-0: Foul Ball, location: 2F 0-1: Foul Ball, location: 2F 0-2: Ball 1-2: Hit by Pitch
|
|
Batting: RHB Jay Jacobson
|
0-0: Ball 1-0: Called Strike 1-1: Hit by Pitch Matthew Berry to third Jon Goddard to second
|
|
Batting: RHB Jon Monteith
|
0-0: Ball 1-0: Foul Ball, location: 2F 1-1: Swinging Strike 1-2: Ground out 4-3 (Groundball, 4, EV 106.3 MPH)
|
| Top of the 4th over - 0 runs, 1 hit, 0 errors, 3 left on base; Billings 0 - Danville 0 |
| BOTTOM OF THE 4TH |
|
Danville Braves batting - Pitching for Billings Mustangs : RHP Taneo Kobayashi
|
|
Batting: LHB Alexis Cantu
|
0-0: Hit by Pitch
|
|
Batting: RHB Jose Ramos
|
0-0: Ball 1-0: Foul Ball, location: 2F 1-1: Foul Ball, location: 2F 1-2: Fielders Choice at 2nd, 4-6 (Groundball, 4M, EV 76.9 MPH)
|
|
Batting: SHB Gabriel Cruz
|
0-0: Swinging Strike 0-1: Foul Ball, location: 2F 0-2: Strikes out swinging
|
|
Batting: RHB Yojiro Hayashi
|
0-0: Fly out, F4 (Flyball, 3D, EV 83.8 MPH)
|
| Bottom of the 4th over - 0 runs, 0 hits, 0 errors, 1 left on base; Billings 0 - Danville 0 |
| TOP OF THE 5TH |
|
Billings Mustangs batting - Pitching for Danville Braves : RHP Chris Hawkins
|
|
Batting: RHB Jonathan Robies
|
0-0: Swinging Strike 0-1: Ground out 5-3 (Groundball, 5, EV 106.9 MPH)
|
|
Batting: RHB Yutaka Sato
|
0-0: Ball 1-0: Ground out U3 (Groundball, 13, EV 82.5 MPH)
|
|
Batting: RHB Mark Ortner
|
0-0: Called Strike 0-1: Ground out 4-3 (Groundball, 4, EV 91.9 MPH)
|
| Top of the 5th over - 0 runs, 0 hits, 0 errors, 0 left on base; Billings 0 - Danville 0 |
| BOTTOM OF THE 5TH |
|
Danville Braves batting - Pitching for Billings Mustangs : RHP Taneo Kobayashi
|
|
Batting: RHB Ingidayehu Lagat
|
0-0: Ground out U3 (Groundball, 34S, EV 61.9 MPH)
|
|
Batting: RHB Armando Moz
|
0-0: SINGLE (Groundball, 34D, EV 98.8 MPH)
|
|
Batting: RHB Gerard Michel
|
0-0: Called Strike 0-1: Ball 1-1: Ball 2-1: Fly out, F7 (Flyball, 78M, EV 83.1 MPH)
|
|
Batting: SHB Ian Arlotta
|
0-0: Ball 1-0: Called Strike 1-1: Swinging Strike 1-2: Ball 2-2: Ball 3-2: Base on Balls Armando Moz to second
|
|
Batting: LHB Oke Monti
|
0-0: Ball 1-0: Foul Ball, location: 2F 1-1: Swinging Strike 1-2: Fielders Choice at 2nd, 6-4 (Groundball, 6, EV 102.5 MPH)
|
| Bottom of the 5th over - 0 runs, 1 hit, 0 errors, 2 left on base; Billings 0 - Danville 0 |
| TOP OF THE 6TH |
|
Billings Mustangs batting - Pitching for Danville Braves : RHP Chris Hawkins
|
|
Batting: RHB Nick Miller
|
0-0: Called Strike 0-1: SINGLE (Line Drive, 56, EV 98.1 MPH)
|
|
Batting: LHB Matthew Berry
|
0-0: Ball Nick Miller steals 2nd, throwing error, E2 Nick Miller to third 1-0: Ground out 6-3 (Groundball, 6, EV 80.6 MPH)
|
|
Batting: LHB David Moore
|
0-0: Fly out, F9 (Flyball, 9LM, EV 87.5 MPH) Runner from 3rd tags up, SCORES, throw by RF
|
|
Batting: LHB Jon Goddard
|
0-0: Ball 1-0: Called Strike 1-1: Ball 2-1: Foul Ball, location: 2F 2-2: Ball 3-2: Base on Balls
|
|
Batting: RHB Jay Jacobson
|
0-0: Called Strike 0-1: Ball 1-1: Swinging Strike 1-2: Foul Ball, location: 2F 1-2: Ball 2-2: Ball 3-2: Foul Ball, location: 2F 3-2: Base on Balls Jon Goddard to second
|
|
Batting: RHB Jon Monteith
|
0-0: Ball 1-0: Ball 2-0: Ball 3-0: Called Strike 3-1: Base on Balls Jon Goddard to third Jay Jacobson to second
|
|
Batting: RHB Jonathan Robies
|
0-0: Foul Ball, location: 2F 0-1: Ball 1-1: Ball 2-1: Called Strike 2-2: Strikes out swinging
|
| Top of the 6th over - 1 run, 1 hit, 1 error, 3 left on base; Billings 1 - Danville 0 |
| BOTTOM OF THE 6TH |
|
Danville Braves batting - Pitching for Billings Mustangs : RHP Taneo Kobayashi
|
|
Batting: LHB Alexis Cantu
|
0-0: Foul Ball, location: 2F 0-1: Ball 1-1: Swinging Strike 1-2: Ball 2-2: Foul Ball, location: 2F 2-2: Ball 3-2: Strikes out looking
|
|
Batting: RHB Jose Ramos
|
0-0: Called Strike 0-1: Ball 1-1: Ball 2-1: Fly out, F8 (Flyball, 78D, EV 83.8 MPH)
|
|
Batting: SHB Gabriel Cruz
|
0-0: Called Strike 0-1: Ball 1-1: Foul Ball, location: 2F 1-2: Strikes out swinging
|
| Bottom of the 6th over - 0 runs, 0 hits, 0 errors, 0 left on base; Billings 1 - Danville 0 |
| TOP OF THE 7TH |
|
Billings Mustangs batting - Pitching for Danville Braves : RHP Chris Hawkins
|
|
Batting: RHB Yutaka Sato
|
0-0: Ball 1-0: Called Strike 1-1: Ball 2-1: Called Strike 2-2: Ball 3-2: Fly out, F9 (Flyball, 9, EV 85.6 MPH)
|
|
Pitching: RHP Jose Santos
|
|
|
Batting: RHB Mark Ortner
|
0-0: Ball 1-0: Ball 2-0: Called Strike 2-1: Called Strike 2-2: Foul Ball, location: 2F 2-2: Strikes out looking
|
|
Batting: RHB Nick Miller
|
0-0: Called Strike 0-1: Foul Ball, location: 2F 0-2: Strikes out swinging
|
| Top of the 7th over - 0 runs, 0 hits, 0 errors, 0 left on base; Billings 1 - Danville 0 |
| BOTTOM OF THE 7TH |
|
Danville Braves batting - Pitching for Billings Mustangs : RHP Taneo Kobayashi
|
|
Batting: RHB Yojiro Hayashi
|
0-0: Called Strike 0-1: Ball 1-1: Ground out 6-3 (Groundball, 6, EV 86.9 MPH)
|
|
Batting: RHB Ingidayehu Lagat
|
0-0: Ball 1-0: Swinging Strike 1-1: Ball 2-1: Foul Ball, location: 2F 2-2: Ball 3-2: Foul Ball, location: 2F 3-2: DOUBLE (Groundball, 5L, EV 95.0 MPH)
|
|
Batting: RHB Armando Moz
|
0-0: Ball 1-0: Ball 2-0: Called Strike 2-1: Foul Ball, location: 2F 2-2: Foul Ball, location: 2F 2-2: Foul Ball, location: 2F 2-2: Ball 3-2: Base on Balls
|
|
Batting: RHB Gerard Michel
|
0-0: Called Strike 0-1: Foul Ball, location: 2F 0-2: Ball 1-2: Strikes out swinging
|
|
Batting: SHB Ian Arlotta
|
0-0: Ball 1-0: Ball 2-0: Ball 3-0: Called Strike 3-1: Foul Ball, location: 2F 3-2: Base on Balls Ingidayehu Lagat to third Armando Moz to second
|
|
Pitching: RHP Vladislav Prochazka
|
|
|
Batting: LHB Oke Monti
|
0-0: Called Strike 0-1: Ball 1-1: Ball 2-1: Swinging Strike 2-2: Foul Ball, location: 2F 2-2: DOUBLE (Line Drive, 9LM, EV 109.4 MPH) Ingidayehu Lagat scores Armando Moz scores Ian Arlotta to third Runner from 3rd tries for Home, throw by RF and OUT! 9-4-2
|
| Bottom of the 7th over - 2 runs, 2 hits, 0 errors, 1 left on base; Billings 1 - Danville 2 |
| TOP OF THE 8TH |
|
Billings Mustangs batting - Pitching for Danville Braves : RHP Jose Santos
|
|
Pitching: LHP Justin Hawk
|
|
|
Batting: LHB Matthew Berry
|
0-0: Called Strike 0-1: Ball 1-1: Ball 2-1: Ball 3-1: Called Strike 3-2: Base on Balls
|
|
Batting: LHB David Moore
|
0-0: Ball 1-0: Called Strike 1-1: Swinging Strike 1-2: Strikes out swinging
|
|
Batting: LHB Jon Goddard
|
0-0: Ball Passed Ball! Matthew Berry to second 1-0: Ball 2-0: Called Strike 2-1: Swinging Strike 2-2: Fly out, F8 (Flyball, 8LM, EV 93.8 MPH)
|
|
Batting: RHB Jay Jacobson
|
0-0: Ball 1-0: Called Strike 1-1: Ball 2-1: Called Strike 2-2: Foul Ball, location: 2F 2-2: Ball 3-2: Base on Balls
|
|
Pitching: RHP Nikita Eliseenko
|
|
|
Batting: RHB Jon Monteith
|
0-0: Ball 1-0: Called Strike 1-1: Swinging Strike 1-2: Ball 2-2: Ball 3-2: Strikes out looking
|
| Top of the 8th over - 0 runs, 0 hits, 0 errors, 2 left on base; Billings 1 - Danville 2 |
| BOTTOM OF THE 8TH |
|
Danville Braves batting - Pitching for Billings Mustangs : RHP Vladislav Prochazka
|
|
Batting: LHB Alexis Cantu
|
0-0: Swinging Strike 0-1: Ball 1-1: Ground out 3-1 (Groundball, 34, EV 83.1 MPH)
|
|
Batting: RHB Jose Ramos
|
0-0: Called Strike 0-1: Foul Ball, location: 2F 0-2: Ball 1-2: Ball 2-2: Ball 3-2: Foul Ball, location: 2F 3-2: Base on Balls
|
|
Batting: SHB Gabriel Cruz
|
0-0: Ball Jose Ramos is caught stealing 2nd base 2-6 1-0: DOUBLE (Line Drive, 9LS, EV 95.6 MPH)
|
|
Pitching: LHP Paul Fuller
|
|
|
Batting: RHB Yojiro Hayashi
|
0-0: Called Strike 0-1: Called Strike 0-2: Strikes out swinging
|
| Bottom of the 8th over - 0 runs, 1 hit, 0 errors, 1 left on base; Billings 1 - Danville 2 |
| TOP OF THE 9TH |
|
Billings Mustangs batting - Pitching for Danville Braves : RHP Nikita Eliseenko
|
|
Batting: RHB Jonathan Robies
|
0-0: Ball 1-0: Fly out, F9 (Flyball, 9, EV 95.6 MPH)
|
|
Batting: RHB Yutaka Sato
|
0-0: Ball 1-0: Foul Ball, location: 2F 1-1: Ball 2-1: SINGLE (Flyball, 34D, EV 90.6 MPH)
|
|
Pinch Hitting: RHB Hector Maldonado
|
0-0: Ball 1-0: Called Strike 1-1: Foul Ball, location: 2F 1-2: Fly out, F7 (Flyball, 7, EV 94.4 MPH)
|
|
Batting: RHB Nick Miller
|
0-0: Ball 1-0: Foul Ball, location: 2F 1-1: Ball 2-1: Ball 3-1: Foul Ball, location: 2F 3-2: Fly out, F7 (Flyball, 78D, EV 107.5 MPH)
|
| Top of the 9th over - 0 runs, 1 hit, 0 errors, 1 left on base; Billings 1 - Danville 2 |
|